 Dungeon Crawl Stone Soup version 0.27-a0-869-g165b36e3f0 (webtiles) character file.

Game seed: 5624328509588203706

98 rageheart7 the Skirmisher (level 4, -2/39 HPs)
             Began as a Palentonga Abyssal Knight on Apr 2, 2021.
             Was a Believer of Lugonu.
             Slain by a gnoll
             ... wielding a +5 spear
              (7 damage)
             ... on level 3 of the Dungeon.
             The game lasted 00:02:53 (3688 turns).

rageheart7 the Skirmisher (PaAK)                    Turns: 3688, Time: 00:02:54

Health: -2/39      AC:  5    Str: 17    XL:     4   Next: 44%
Magic:  5/5        EV:  9    Int: 12    God:    Lugonu [**....]
Gold:   124        SH:  0    Dex:  9    Spells: 3/3 levels left

rFire    + . .     SeeInvis +   m - +0 flail
rCold    + . .     Faith    .   (no shield)
rNeg     . . .     Spirit   .   b - +0 leather armour
rPois    +         Reflect  .   l - +0 helmet
rElec    +         Harm     .   (no cloak)
rCorr    +         Rampage  .   (no gloves)
Will     .....                  (no barding)
Stlth    +.........             (no amulet)
HPRegen  0.13/turn              (no ring)
MPRegen  0.09/turn              (no ring)

@: resistant
A: large, rugged brown scales 3, see invisible, deformed body, roll 1, armoured
tail
a: Rolling Charge, Renounce Religion, Depart the Abyss, Bend Space


You were on level 3 of the Dungeon.
You worshipped Lugonu.
Lugonu was pleased with you.
You visited 1 branch of the dungeon, and saw 4 of its levels.
You visited the Abyss 1 time.

You collected 124 gold pieces.

Inventory:

Hand Weapons
 m - a +0 flail (weapon)
Armour
 b - a +0 leather armour (worn)
 f - a +0 buckler
 l - a +0 helmet (worn)
Jewellery
 j - a ring of protection from fire
Scrolls
 c - 4 scrolls of identify {unknown}
 d - a scroll of enchant weapon {unknown}
 e - a scroll of brand weapon {unknown}
 g - 2 scrolls of magic mapping {unknown}
 h - 3 scrolls of noise {unknown}
 i - 2 scrolls of teleportation {unknown}


   Skills:
 * Level 4.3 Fighting
 * Level 3.6 Maces & Flails
 - Level 1.5 Armour
 - Level 0.7 Dodging
 - Level 2.0 Invocations


You had 3 spell levels left.
You didn't know any spells.
Your spell library contained the following spells:

 Spells                   Type           Power      Damage    Failure   Level
 Animate Skeleton         Necr           0%         N/A       36%         1
 Apportation              Tloc           0%         N/A       36%         1
 Corona                   Hex            0%         N/A       36%         1
 Summon Small Mammal      Summ           0%         N/A       36%         1


Dungeon Overview and Level Annotations

Branches:
Dungeon (4/15)
 Temple: D:4-7

Altars:

Shops:
D:3 (


Innate Abilities, Weirdness & Mutations

You are completely covered in rugged brown scales. (AC +3, +7% HP)
You have supernaturally acute eyesight. (SInv)
Armour fits poorly on your strangely shaped body.
You can roll at nearby foes to attack.
You have a long armoured tail.


Message History

a +0 club; a +0 robe; a goblin corpse You see here a +1 mace.
You enter the shallow water.
Moving in this stuff is going to be slow.
You enter the shallow water.
Moving in this stuff is going to be slow.
Key pressed, stopping explore.
You enter the shallow water.
Moving in this stuff is going to be slow.
Partly explored, can't reach some places.
Partly explored, can't reach some places.
Partly explored, can't reach some places.
Partly explored, can't reach some places.
There is a stone staircase leading down here.
You climb downwards. 3 gnolls come into view.
The gnoll shouts! x3
There is a stone staircase leading up here.
The gnoll barely misses you.
You climb upwards.
There is a stone staircase leading down here.
You closely miss the gnoll. The gnoll hits you with a +5 spear!
The gnoll barely misses you.
You barely miss the gnoll. The gnoll hits you with a +5 spear.
The gnoll hits you with a +0 halberd!
You closely miss the gnoll. The gnoll hits you with a +5 spear!
The gnoll closely misses you.
You hit the gnoll.
The gnoll is lightly wounded.
The gnoll hits you with a +5 spear.
* * * LOW HITPOINT WARNING * * *
The gnoll hits you with a +0 halberd.
* * * LOW HITPOINT WARNING * * *
It was a potion of resistance.
You feel protected. The gnoll closely misses you. The gnoll barely misses you.
You sock the gnoll!
The gnoll is almost dead.
The gnoll hits you with a +5 spear!
You die...

.....≈P≈≈.≈..#.#.# #...#.......
####..≈≈≈≈...#.#.#####...#.......
......≈≈≈≈..##.#.........#.......
####...≈≈≈..##.######....#.......
# ##..≈)≈....#.# ####.#.##.......
# #..≈≈≈≈...##.###...............
# #..≈≈≈≈≈.......#.##.#.#######.#
###.≈P≈≈≈P.....g.#.##.#....# #.#
....≈≈≈≈≈≈≈.....@#'##.#....####.#
...≈≈P≈≈≈≈≈.##.g......#..........
...P≈≈≈≈P≈..##........##...####.#
#...≈≈≈≈≈...##........##...# #.#
...≈≈≈≈≈≈.............##...# #.#
..P≈≈≈≈≈P.............##...# #.#
...P≈≈≈≈≈...###.......###### #..
.P.≈≈≈≈≈P...# #.......# #.#
≈.≈≈≈P≈.≈...# #######.# #..


You could see 2 gnolls.

Vanquished Creatures
  2 adders
  2 worms
  3 dart slugs (D:1)
  2 orcs (D:3)
  5 endoplasms
  4 giant cockroaches
  4 goblins
  5 hobgoblins
  6 jackals
  3 kobolds
  3 quokkas
  4 ball pythons
  5 bats
  8 frilled lizards
  6 rats
62 creatures vanquished.

Vanquished Creatures (others)
  9 plants
9 creatures vanquished.

Grand Total: 71 creatures vanquished

Notes
Turn   | Place    | Note
-------+----------+-------------------------------------------
     0 | Abyss:1  | rageheart7 the Palentonga Abyssal Knight began the quest
                  | for the Orb.
     0 | Abyss:1  | Reached XP level 1. HP: 19/19 MP: 2/2
    73 | Abyss:1  | Noticed a bone dragon
    74 | D:1      | Escaped the Abyss
   213 | D:1      | Reached * piety under Lugonu
   383 | D:1      | Reached XP level 2. HP: 25/25 MP: 3/3
   697 | D:1      | You fall into a shaft and drop 1 floor!
  1088 | D:1      | Found a faded altar of an unknown god.
  1107 | D:1      | Reached XP level 3. HP: 28/31 MP: 4/4
  1612 | D:1      | Reached ** piety under Lugonu
  1878 | D:2      | Reached skill level 4 in Fighting
  2106 | D:2      | Reached XP level 4. HP: 39/39 MP: 5/5
  3112 | D:3      | Found Meontu's Weapon Boutique.
  3688 | D:3      | Slain by a gnoll

Illustrated notes

Levels and vault maps discovered:
D:1:      dpeg_arrival_tiny_a, layout_basic, serial_aquarium,
          aquarium_bridge_island_small [aquarium_subvault_small_open,
          aquarium_subvault_window, aquarium_subvault_bridge,
          aquarium_subvault_window, aquarium_subvault_bridge],
          aquarium_bridge_square [aquarium_subvault_wall,
          aquarium_subvault_bridge, aquarium_subvault_bridge,
          aquarium_subvault_window], aquarium_window_corner,
          aquarium_window_corridor_3, aquarium_window_fake, aquarium_view_2e,
          aquarium_pool_1, basic_ecumenical_altar, minmay_lizard_king
D:2:      layout_loops_cross
D:3:      layout_basic, serial_shops, shop, chequers_big_river, feat_on_display
D:4:      minmay_skewed_foursquare, layout_basic,
          gammafunk_temple_overflow_elements, minmay_temple_entry_mist,
          minivault_11, uniq_pikel

Skill      XL: |  1  2  3 |
---------------+----------+-----
Maces & Flails | 3 |  3.6
Fighting       | 4 |  4.3
Armour         | |  1.5
Dodging        | |  0.7
Invocations    | |  2.0

Action                   |  1- 3 |  4- 6 || total
-------------------------+-------+-------++-------
Melee: Mace              |   115 |    36 ||   151
       Tailslap          |    13 |     4 ||    17
       Flail             |       |    19 ||    19
Invok: Depart the Abyss  |     1 |       ||     1
 Abil: Rolling Charge    |    10 |     7 ||    17
  Use: Potion            |       |     1 ||     1
Armor: Leather armour    |    36 |    10 ||    46
Dodge: Dodged            |    44 |    30 ||    74

Table legend: (Time is in decaauts)
 A = Elapsed time spent in this place.
 B = Non-inter-level travel time spent in this place.
 C = Inter-level travel time spent in this place.
 D = Time resting spent in this place.
 E = Time spent auto-exploring this place.
 F = Levels seen in this place.
 G = Mean time per level.
                   A        B        C        D        E       F      G
               +--------+--------+--------+--------+--------+-----+--------+
         Total |   3739 |   3649 |     90 |      0 |   3266 |   5 |  747.8 |
       Dungeon |   3665 |   3575 |     90 |      0 |   3195 |   4 |  916.2 |
         Abyss |     74 |     74 |      0 |      0 |     71 |   1 |   74.0 |
               +--------+--------+--------+--------+--------+-----+--------+

Top non-repeatable levels by time:
     D:3: 1410 daAuts
     D:1: 1297 daAuts
     D:2: 957 daAuts
 Abyss:1: 74 daAuts
     D:4: 1 daAuts
